 Dungeon Crawl Stone Soup version 0.26-a0-540-g8a0c9464d7 (webtiles) character file.

Game seed: 9733022327593899340

487628 vurker the Cryomancer (level 22, 0/196 HPs)
             Began as a Demigod Ice Elementalist on Aug 18, 2020.
             Slain by a titan (28 damage)
             ... on level 4 of the Depths.
             The game lasted 01:48:02 (76396 turns).

vurker the Cryomancer (Demigod Ice Elementalist)   Turns: 76396, Time: 01:48:04

Health: 0/196      AC:  9    Str: 14    XL:     22   Next: 75%
Magic:  59/70      EV: 12    Int: 43    God:
Gold:   3110       SH:  6    Dex: 13    Spells: 40/61 levels left

rFire    + . .     SeeInvis .   a - staff of cold
rCold    + . .     Faith    .   P - +1 buckler of Foolhardiness {rF+ MP+9}
rNeg     . . .     Spirit   .   V - +2 robe {MR+}
rPois    .         Reflect  .   Z - +1 helmet {Int+3}
rElec    +         Harm     +   J - scarf {harm}
rCorr    .                      N - +3 pair of gauntlets of War {Slay+5}
MR       +++..                  T - +2 pair of boots {rampage}
Stlth    ++........             K - amulet "Kitoigor" {rElec Regen+ Str+3}
HPRegen  0.82/turn              X - ring of Ufig {AC+4 Int+7 Dex-3}
MPRegen  0.42/turn              L - ring of magical power

@: no potions, corroded
A: high mp 1
}: 2/15 runes: serpentine, barnacled
a: no special abilities


You were on level 4 of the Depths.
You visited 9 branches of the dungeon, and saw 44 of its levels.
You visited 1 bazaar.
You also visited: Ice Cave.

You collected 6179 gold pieces.
You spent 3069 gold pieces at shops.

Inventory:

Hand Weapons
 b - the +6 flail of Circularity {vorpal, rF+++ Int-3 Dex-2 Stlth+}
   (You took it off a human on level 13 of the Dungeon)

   It inflicts extra damage upon your enemies.
   It affects your intelligence (-3).
   It affects your dexterity (-2).
   It renders you almost immune to fire.
   It makes you more stealthy.
Armour
 G - a +0 robe of fire resistance
   (You took it off a wight on level 9 of the Dungeon)
 J - a scarf of harm (worn)
   (You found it on level 3 of the Lair of Beasts)
 N - the +3 pair of gauntlets of War (worn) {Slay+5}
   (You found it on level 5 of the Lair of Beasts)

   It affects your accuracy and damage with ranged weapons and melee attacks
   (+5).
 O - the +3 leather armour of the Evening {rN+ SInv}
   (You took it off a necromancer on level 3 of the Depths)

   It protects you from negative energy.
   It lets you see invisible.
 P - the +1 buckler of Foolhardiness (worn) {rF+ MP+9}
   (You bought it in a shop on level 4 of the Vaults)

   It protects you from fire.
   It affects your magic capacity (+9).
 T - a +2 pair of boots of rampaging (worn)
   (You found it on level 3 of the Snake Pit)
 V - a +2 robe of magic resistance (worn)
   (You took it off a naga ritualist on level 4 of the Snake Pit)
 Z - a +1 helmet of intelligence (worn)
   (You found it on level 3 of the Elven Halls)
Magical Staves
 a - an uncursed staff of cold (weapon)
   (You acquired it on level 14 of the Dungeon)
 w - an uncursed staff of air
   (You found it on level 1 of the Vaults)
Jewellery
 h - an uncursed ring of protection from magic
   (You bought it in a shop on level 2 of the Snake Pit)
 r - an uncursed ring of resist corrosion
   (You took it off a deep elf mage on level 3 of the Elven Halls)
 K - the amulet "Kitoigor" (around neck) {rElec Regen+ Str+3}
   (You found it on level 3 of the Elven Halls)

   [amulet of regeneration]

   It affects your strength (+3).
   It insulates you from electricity.
   It increases your rate of regeneration.
 L - a ring of magical power (right hand)
   (You took it off a kobold on level 6 of the Dungeon)
 Q - an uncursed ring of protection from fire
   (You found it on level 1 of the Snake Pit)
 R - an uncursed ring of poison resistance
   (You found it on level 2 of the Snake Pit)
 S - an uncursed ring of positive energy
   (You found it on level 2 of the Snake Pit)
 X - the ring of Ufig (left hand) {AC+4 Int+7 Dex-3}
   (You bought it in a shop on level 3 of the Shoals)

   [ring of protection]

   It affects your AC (+4).
   It affects your intelligence (+7).
   It affects your dexterity (-3).
Wands
 c - a wand of disintegration (17)
   (You found it on level 10 of the Dungeon)
 d - a wand of iceblast (34)
   (You found it on level 12 of the Dungeon)
 t - a wand of flame (54)
   (You found it on level 4 of the Dungeon)
 u - a wand of paralysis (37)
   (You found it on level 2 of the Shoals)
 v - a wand of digging (22)
   (You found it on level 2 of the Lair of Beasts)
 x - a wand of acid (27)
   (You found it on level 1 of the Lair of Beasts)
 F - a wand of polymorph (34)
   (You found it on level 2 of the Lair of Beasts)
 W - a wand of enslavement (26)
   (You found it on level 9 of the Dungeon)
Scrolls
 f - a scroll of amnesia
 j - 20 scrolls of teleportation
 m - 8 scrolls of immolation
 q - 6 scrolls of blinking
 s - 6 scrolls of magic mapping
 y - 3 scrolls of enchant armour
 C - 10 scrolls of identify
 D - 3 scrolls of vulnerability
 E - 6 scrolls of fear
 I - 16 scrolls of remove curse
 M - 8 scrolls of fog
 U - 3 scrolls of holy word
Potions
 e - a potion of experience
 g - 9 potions of brilliance
 i - 12 potions of cancellation
 k - a potion of invisibility
 l - 24 potions of curing
 n - 7 potions of haste
 o - 12 potions of ambrosia
 p - 11 potions of lignification
 z - 8 potions of magic
 A - 8 potions of heal wounds
 B - a potion of resistance
 H - 10 potions of mutation
 Y - a potion of flight


   Skills:
 + Level 16.3 Fighting
 - Level 1.7 Dodging
 - Level 1.7 Stealth
 - Level 4.0 Shields
 * Level 20.3 Spellcasting
 - Level 3.0 Conjurations
 - Level 3.0 Summonings
 - Level 21.8 Ice Magic
 * Level 15.8 Earth Magic


You had 40 spell levels left.
You knew the following spells:

 Your Spells              Type           Power        Failure   Level
a - Ozocubu's Refrigerat  Ice            ########..   0%          6
b - Iron Shot             Conj/Erth      #######...   1%          6
c - Hailstorm             Conj/Ice       ########     1%          4
d - Summon Ice Beast      Ice/Summ       ########     1%          4
p - Apportation           Tloc           #####.       1%          1

Your spell library contained the following spells:

 Spells                   Type           Power        Failure   Level
 Freeze                   Ice            ####         0%          1
 Ensorcelled Hibernation  Hex/Ice        ######       0%          2
 Frozen Ramparts          Ice            ######       0%          3
 Ozocubu's Armour         Ice            ########     0%          3
 Animate Skeleton         Necr           #####.       1%          1
 Corona                   Hex            #####..      1%          1
 Foxfire                  Conj/Fire      ####         1%          1
 Magic Dart               Conj           ####         1%          1
 Pain                     Necr           ####         1%          1
 Shock                    Conj/Air       ####         1%          1
 Sting                    Tmut/Pois      ####         1%          1
 Summon Small Mammal      Summ           ####         1%          1
 Blink                    Tloc           N/A          1%          2
 Call Imp                 Summ           ######..     1%          2
 Corpse Rot               Necr/Air       N/A          1%          2
 Passwall                 Tmut/Erth      #######.     1%          2
 Poisonous Vapours        Pois/Air       #####.       1%          2
 Searing Ray              Conj           ######       1%          2
 Slow                     Hex            #####...     1%          2
 Sublimation of Blood     Necr           #####.....   1%          2
 Swiftness                Air            #####...     1%          2
 Conjure Flame            Conj/Fire      ######..     1%          3
 Dazzling Flash           Conj/Hex       ######       1%          3
 Ignite Poison            Fire/Tmut/Pois #####...     1%          3
 Inner Flame              Hex/Fire       #####...     1%          3
 Lesser Beckoning         Tloc           #####.....   1%          3
 Mephitic Cloud           Conj/Pois/Air  ######..     1%          3
 Portal Projectile        Hex/Tloc       #####.       1%          3
 Spider Form              Tmut/Pois      #####.....   1%          3
 Static Discharge         Conj/Air       ######..     1%          3
 Stone Arrow              Conj/Erth      ######       1%          3
 Tukima's Dance           Hex            #####...     1%          3
 Vampiric Draining        Necr           #####.....   1%          3
 Ice Form                 Ice/Tmut       ########     1%          4
 Leda's Liquefaction      Hex/Erth       #######...   1%          4
 Borgnjor's Vile Clutch   Necr/Erth      #######...   1%          5
 Lee's Rapid Deconstruct  Erth           ########..   1%          5
 Simulacrum               Ice/Necr       ########..   1%          6
 Fulminant Prism          Conj/Hex       ######....   2%          4
 Iskenderun's Mystic Bla  Conj/Tloc      ######..     2%          4
 Sticky Flame             Conj/Fire      ######..     2%          4
 Statue Form              Tmut/Erth      #######..    3%          6
 Airstrike                Air            #####.....   4%          4
 Animate Dead             Necr           #####.....   4%          4
 Cause Fear               Hex            #####.....   4%          4
 Dispel Undead            Necr           #####...     4%          4
 Olgreb's Toxic Radiance  Pois           #####...     4%          4
 Passage of Golubria      Tloc           N/A          4%          4
 Fireball                 Conj/Fire      ######....   8%          5
 Irradiate                Conj/Tmut      ######....   8%          5
 Lightning Bolt           Conj/Air       ######....   8%          5
 Summon Forest            Summ/Tloc      ######....   8%          5
 Agony                    Necr           #####...     14%         5
 Alistair's Intoxication  Tmut/Pois      #####....    14%         5
 Excruciating Wounds      Necr           #####.....   14%         5
 Silence                  Hex/Air        #####.....   14%         5
 Yara's Violent Unravell  Hex/Tmut       #####.....   14%         5
 Shadow Creatures         Summ           N/A          22%         6
 Eringya's Noxious Bog    Tmut/Pois      #####.....   61%         6
 Hydra Form               Tmut           #####.....   61%         6
 Invisibility             Hex            #####...     61%         6
 Summon Hydra             Summ           ######....   77%         7
 Malign Gateway           Summ/Tloc      ######....   93%         7
 Dragon Form              Tmut           #####.....   99%         7
 Disjunction              Tloc           #####.....   100%        8
 Tornado                  Air            #####.....   100%        9


Dungeon Overview and Level Annotations

Branches:
Dungeon (15/15)            Temple (1/1) D:4            Lair (6/6) D:11
 Shoals (4/4) Lair:3        Snake (4/4) Lair:4        Slime (0/5) Lair:6
    Orc (2/2) D:11            Elf (3/3) Orc:2        Vaults (5/5) D:13
  Crypt (0/3) Vaults:3     Depths (4/5) D:15          IceCv (visited)

Shops:
D:5 !   D:8 :!:[   Orc:1 }   Orc:2 [(:*   Elf:2 *   Shoals:2 =:*(   Shoals:3 =!
Snake:1 }   Snake:2 *=[!   Snake:3 :*:   Vaults:3 (=(   Vaults:4 [   Depths:1 (
Depths:3 [

Portals:
Hell: Lair:6 Depths:1 Depths:2 Depths:3
Abyss: Depths:1
Pandemonium: Depths:3

Annotations:
D:8 1 runed translucent door, exclusion: 4 orange crystal statues
D:13 exclusion: ice dragon
Elf:2 3 runed translucent doors


Innate Abilities, Weirdness & Mutations

You have an increased reservoir of magic. (+10% MP)


Message History

The yaktaur captain shoots a bolt.
The bolt hits you!!
* * * LOW HITPOINT WARNING * * *
The bolt freezes you.
* * * LOW HITPOINT WARNING * * *
You see here 2 bolts.
A wizard comes into view.
It is wielding a +1 flail of protection.
There is a stone staircase leading up here.
The frost giant gestures at you while chanting.
The bolt of cold misses you.
You climb upwards.
There is a stone staircase leading down here.
You start resting.
You start resting.
You see here 2 arrows.
You see here 2 large rocks.
Things that are here:
a +0 dire flail; a +0 dire flail
There is an escape hatch in the floor here.
You slide downwards.
The hatch slams shut behind you.
A titan, a flayed ghost and a caustic shrike come into view.
The caustic shrike claws you!! The acid corrodes you!
You are splashed with acid!
The caustic shrike claws you!
You are splashed with acid!
The titan shouts!
You hear a shout!
You hear a screech!
You hear a shout!
Found three items.
You see here a phantom mirror.
You feel a surge of power!
The heat is drained from your surroundings.
You resist.
You feel very cold.
The flayed ghost, the titan and the caustic shrike are frozen.
The caustic shrike resists.
You hear a shout!
You hear a deafening roar!
You hear a shout! x2
The caustic shrike barely misses you.
A stone giant comes into view.
The titan waves its arms in wide circles.
The air twists around and strikes you!! The caustic shrike claws you!!
* * * LOW HITPOINT WARNING * * *
The acid corrodes you!
You are splashed with acid!
* * * LOW HITPOINT WARNING * * *
Unknown command.
You feel a surge of power!
The heat is drained from your surroundings.
You resist.
You feel very cold. The monsters around you are frozen!
You destroy the flayed ghost!
The caustic shrike resists.
The caustic shrike claws you!!
* * * LOW HITPOINT WARNING * * *
You are splashed with acid.
* * * LOW HITPOINT WARNING * * *
The titan hits you!!
You die...

..#.#.#.#.#.....#
C..#.....#.....# ##
...#...).#.)...# #.#
...#.....#.....# #..
...c(...#....[....##..
##^(.###...###...##C#
...##.#.###.. ..##)#
......## ... ##C$#
.....^# ...##@/$#
####..# ##b###.#
...##### #.# .......#
#.. .......#.. #..
.......#.#####
##.....#..##
.......#...##
.##....#.... #


You could see a titan, a caustic shrike and a stone giant.

Vanquished Creatures
  A juggernaut (Depths:1)
  Vashnia (Snake:4)
  Nikola (Depths:2)
  The ghost of Vileos the Unlucky Demonspawn, an adept DsGl of Nemelex Xobeh (Vaults:1)
  5 tentacled monstrosities
  2 liches
  2 deep elf master archers (Elf:3)
  2 deep elf blademasters (Elf:3)
  A quicksilver dragon (Depths:1)
  Frances (Shoals:2)
  Polyphemus (Shoals:2)
  4 tengu reavers
  2 shadow dragons
  Donald (Shoals:1)
  12 fire giants
  8 frost giants
  An iron dragon (Depths:3)
  7 nagarajas
  5 deep elf sorcerers
  A cacodemon (Vaults:1)
  9 vault wardens
  5 ironheart preservers
  2 deep elf elementalists
  3 spriggan defenders
  A caustic shrike skeleton (Depths:3)
  13 very ugly things
  24 stone giants
  2 entropy weavers (Vaults:3)
  2 vampire knights (Depths:1)
  8 deep elf demonologists
  8 deep elf annihilators (Elf:3)
  Nessos (D:13)
  Azrael (Orc:2)
  8 spark wasps
  9 deep elf death magi
  10 ettins
  A crystal guardian (Vaults:4)
  Josephine (Shoals:1)
  3 merfolk javelineers (Shoals:4)
  3 deep elf high priests
  9 merfolk impalers
  15 yaktaur captains
  Harold (D:11)
  13 fire dragons
  11 rakshasas
  An ice dragon (shapeshifter) (Depths:1)
  25 vault guards
  12 ice dragons
  15 naga warriors
  9 great orbs of eyes
  7 hydras
  A hell beast (Lair:6)
  8 spriggan air magi
  8 centaur warriors
  3 merfolk aquamancers (Shoals:4)
  5 merfolk avatars
  A death knight (Vaults:4)
  4 alligator snapping turtles
  19 anacondas
  2 catoblepae
  3 satyrs
  15 dancing weapons
  25 two-headed ogres
  7 deep troll shamans
  10 ogre magi
  3 deep troll earth magi
  A vampire mage (Depths:4)
  9 death yaks
  2 spriggan berserkers
  A titan zombie (Depths:3)
  8 shock serpents
  4 tengu warriors
  A shock serpent (shapeshifter) (Vaults:1)
  17 naga sharpshooters
  Sonja (D:11)
  A shadow wraith (Vaults:1)
  4 spriggans
  13 deep elf knights
  6 hell knights
  7 salamander mystics
  A titan skeleton (Depths:3)
  14 sea snakes
  6 flayed ghosts
  4 iron trolls
  3 unseen horrors
  8 wizards
  A deep troll (shapeshifter) (Depths:1)
  5 glowing orange brains
  14 naga ritualists
  20 deep trolls
  10 deep elf archers
  Pikel (D:8)
  12 ironbrand convokers
  An orange crystal statue (Elf:3)
  3 harpies (shapeshifter)
  3 phantasmal warriors
  27 harpies
  6 necromancers
  9 orc knights
  22 mana vipers
  A wolf spider (D:15)
  A mana viper (shapeshifter) (D:15)
  4 orc sorcerers
  An orb spider (shapeshifter) (Vaults:1)
  34 ugly things
  15 salamanders
  50 deep elf magi
  2 oklob plants (Lair:3)
  22 fauns
  9 manticores
  13 cyclopes
  3 elephants (Lair:6)
  A black mamba (shapeshifter) (Depths:4)
  13 merfolk sirens
  2 water nymphs
  15 guardian serpents
  A water nymph (shapeshifter) (Vaults:5)
  4 guardian serpents (shapeshifter)
  25 naga magi
  16 vault sentinels
  An orange demon (Lair:6)
  42 black mambas
  2 torpor snails
  A stone giant skeleton (Vaults:1)
  7 cane toads
  3 gargoyles
  A freezing wraith (Vaults:4)
  4 rime drakes
  An elf zombie (Depths:3)
  4 komodo dragons
  40 yaktaurs
  5 kobold demonologists
  2 ice devils (Lair:6)
  2 efreet
  A hellwing (Lair:6)
  A red devil (Lair:6)
  5 hornets
  A troll (shapeshifter) (Depths:4)
  A human skeleton (Vaults:2)
  12 trolls
  41 merfolk
  A queen bee (Lair:2)
  6 wind drakes
  3 meliai (D:14)
  A meliai (shapeshifter) (Vaults:1)
  A raiju (shapeshifter) (Vaults:1)
  A blink frog (shapeshifter) (Vaults:1)
  3 polar bears
  A hornet (shapeshifter) (Vaults:1)
  24 slime creatures
  2 human simulacra
  9 snapping turtles
  12 hippogriffs
  A fire giant simulacrum (Vaults:2)
  6 dream sheep
  2 blink frogs (Lair:4)
  5 redbacks (Vaults:3)
  14 water elementals
  A shadow (D:13)
  5 wraiths
  2 air elementals
  5 wyverns
  A basilisk (Lair:6)
  50 yaks
  10 fire elementals
  A steam dragon (shapeshifter) (Vaults:1)
  16 humans (D:13)
  8 vampire mosquitoes (D:15)
  49 nagas
  4 wargs
  An acid dragon (shapeshifter) (D:13)
  A water moccasin (shapeshifter) (Depths:3)
  8 water moccasins
  2 acid dragons
  A soldier ant (shapeshifter) (Elf:2)
  A soldier ant (D:14)
  10 porcupines
  7 hell hounds
  A floating eye (Depths:2)
  22 orc warriors
  A spriggan simulacrum (Depths:3)
  5 sky beasts
  30 ogres
  A phantom (D:7)
  An eye of draining (D:11)
  An ice beast (D:11)
  An eye of draining (shapeshifter) (Vaults:1)
  A hornet zombie (D:9)
  2 necrophages
  8 wolves
  8 boggarts
  An orc skeleton (Vaults:1)
  26 centaurs
  A human zombie (Vaults:2)
  15 crocodiles
  4 big kobolds
  19 bullfrogs
  An earth elemental (Elf:1)
  2 yaktaur skeletons
  Dowan (D:5)
  A water moccasin skeleton (D:9)
  5 scorpions
  38 killer bees
  7 wights
  An elf simulacrum (Vaults:2)
  3 howler monkeys
  A bullfrog zombie (D:12)
  2 quasits
  4 jellies
  6 hounds
  3 bullfrog skeletons
  3 centaur skeletons
  17 orc priests
  22 orc wizards
  Jessica (D:2)
  3 iguanas
  10 worker ants
  A nameless horror (D:10)
  3 hound skeletons
  A howler monkey zombie (D:2)
  A gnoll (shapeshifter) (Vaults:1)
  16 adders
  4 river rats (D:11)
  A shadow imp (D:5)
  An ufetubus (D:9)
  An adder zombie (D:7)
  6 worms
  4 dart slugs
  6 leopard geckos
  111 orcs
  2 ball pythons
  A bat (shapeshifter) (Vaults:1)
  6 giant cockroaches
  6 hobgoblins
  16 jackals
  30 kobolds
  8 quokkas
  A ball python skeleton (D:4)
  9 bats
  A frilled lizard (shapeshifter) (Depths:2)
  7 frilled lizards
  4 goblins (D:3)
  A quokka skeleton (D:5)
  8 rats
  18 bushes
  33 fungi
  A pillar of salt (Vaults:1)
  267 plants
2188 creatures vanquished.

Vanquished Creatures (collateral kills)
  2 hydras (Lair:3)
  A two-headed ogre (D:9)
  2 death yaks
  Nergalle (D:10)
  A centaur zombie (D:11)
  2 elephants (Lair:6)
  A black mamba (Lair:2)
  A torpor snail (Lair:3)
  A centaur skeleton (D:15)
  A komodo dragon (Lair:6)
  3 rime drakes (Lair:6)
  A merfolk (Lair:3)
  A hornet (D:9)
  4 blink frogs
  7 dream sheep (Lair:6)
  3 hippogriffs
  A meliai zombie (D:13)
  A centaur simulacrum (D:14)
  4 yaks (Lair:6)
  2 basilisks (Lair:2)
  3 water moccasins
  Duvessa (D:5)
  2 porcupines
  2 ice beasts
  An eye of draining (D:9)
  A sky beast (D:11)
  2 wolves
  2 phantoms
  A crocodile (Lair:3)
  An earth elemental (Elf:2)
  A water moccasin zombie (D:7)
  2 wights
  A hound (D:11)
  A worker ant (D:11)
  A white imp (D:5)
  An ufetubus (D:10)
  An adder skeleton (D:9)
  A quokka (D:11)
65 creatures vanquished.

Vanquished Creatures (others)
  A frost giant (Depths:1)
  A death knight (D:13)
  A two-headed ogre (D:13)
  2 trolls (D:13)
  An orc warrior (D:13)
  A boggart (Vaults:2)
  2 bullfrogs (D:13)
  A howler monkey (D:13)
  A worker ant (D:13)
  An orc (D:13)
  2 fungi (Lair:6)
  23 plants
37 creatures vanquished.

Grand Total: 2290 creatures vanquished

Notes
Turn   | Place    | Note
-------+----------+-------------------------------------------
     0 | D:1      | vurker the Demigod Ice Elementalist began the quest for the
                  | Orb.
     0 | D:1      | Reached XP level 1. HP: 14/14 MP: 5/5
   472 | D:1      | Reached XP level 2. HP: 22/22 MP: 4/7
  1185 | D:2      | Reached skill level 4 in Ice Magic
  1312 | D:2      | Noticed Jessica
  1315 | D:2      | Killed Jessica
  1315 | D:2      | Reached skill level 1 in Fighting
  1315 | D:2      | Reached XP level 3. HP: 10/28 MP: 5/9
  1555 | D:2      | Learned a level 3 spell: Frozen Ramparts
  1633 | D:2      | Reached XP level 4. HP: 15/35 MP: 6/10
  2712 | D:2      | Learned a level 4 spell: Hailstorm
  3352 | D:3      | Reached XP level 5. HP: 40/40 MP: 7/12
  3429 | D:3      | Reached skill level 1 in Conjurations
  4510 | D:4      | Noticed an ogre
  4517 | D:4      | Killed an ogre
  4517 | D:4      | Reached skill level 5 in Ice Magic
  4517 | D:4      | Reached XP level 6. HP: 48/48 MP: 11/14
  4523 | D:4      | Learned a level 4 spell: Summon Ice Beast
  4632 | D:4      | Found a staircase to the Ecumenical Temple.
  4643 | Temple   | Entered the Ecumenical Temple
  5026 | D:5      | Entered Level 5 of the Dungeon
  5311 | D:5      | Reached skill level 1 in Summonings
  5616 | D:5      | Reached XP level 7. HP: 48/56 MP: 13/16
  5922 | D:5      | Noticed Duvessa
  5929 | D:5      | Noticed Dowan
  5935 | D:5      | Killed Dowan
  5935 | D:5      | Killed Duvessa
  6046 | D:5      | Got a shadowed robe
  6068 | D:5      | Found Vurimei's Distillery.
  6158 | D:5      | Bought a potion of heal wounds for 70 gold pieces
  6158 | D:5      | Bought a potion of magic for 112 gold pieces
  6655 | D:6      | Reached skill level 6 in Ice Magic
  6907 | D:6      | Reached XP level 8. HP: 54/63 MP: 0/18
  7138 | D:5      | Identified the cursed +1 robe of Supple Strength {Harm
                  | Str-5 Dex+5} (You found it on level 5 of the Dungeon)
  7248 | D:6      | Reached skill level 5 in Spellcasting
  8082 | D:7      | Reached skill level 7 in Ice Magic
  8898 | D:7      | Reached XP level 9. HP: 67/72 MP: 22/22
  9144 | D:7      | Noticed a gargoyle
  9149 | D:7      | Killed a gargoyle
  9488 | D:8      | Reached skill level 8 in Ice Magic
  9496 | D:8      | Found a sparkling altar of Nemelex Xobeh.
  9722 | D:8      | Found Reudoot's Antique Armour Boutique.
  9800 | D:8      | Bought a shiny buckler for 157 gold pieces
  9813 | D:8      | Noticed Pikel
  9820 | D:8      | Killed Pikel
  9820 | D:8      | Reached skill level 5 in Fighting
  9820 | D:8      | Reached skill level 1 in Shields
  9888 | D:8      | Found a roughly hewn altar of Beogh.
 10163 | D:8      | Found a runed translucent door.
 10169 | D:8      | Found the +10 tower shield of Ignorance {rN+ Int-4}
 10175 | D:8      | Found a runed translucent door.
 10181 | D:8      | Noticed an orange crystal statue
 10189 | D:8      | Found Bukhakh's Book Shoppe.
 10316 | D:8      | Found Kaedd's Book Shoppe.
 10408 | D:8      | Found Raohapna's Distillery.
 11531 | D:9      | Noticed a two-headed ogre
 11546 | D:9      | Killed a two-headed ogre
 11546 | D:9      | Reached XP level 10. HP: 67/81 MP: 19/25
 11878 | D:9      | Reached skill level 9 in Ice Magic
 12028 | D:9      | Got a buzzing ring mail
 12039 | D:9      | Identified the cursed +1 ring mail "Gud Pem" {rC+ MR+
                  | Dex+3} (You found it on level 9 of the Dungeon)
 12338 | D:10     | Entered Level 10 of the Dungeon
 12399 | D:10     | Noticed Nergalle
 12414 | D:10     | Killed Nergalle
 13941 | D:11     | Noticed Harold
 13958 | D:11     | Killed Harold
 13958 | D:11     | Reached skill level 10 in Ice Magic
 14087 | D:11     | Noticed a cyclops
 14279 | D:11     | Killed a cyclops
 14375 | D:11     | Found a staircase to the Lair.
 14377 | D:11     | Noticed a death yak
 14383 | D:11     | Noticed a death yak
 14384 | D:11     | Noticed a death yak
 14385 | D:11     | Reached XP level 11. HP: 91/91 MP: 14/28
 14389 | D:11     | Killed a death yak
 14886 | D:11     | Found a staircase to the Orcish Mines.
 15116 | D:11     | Killed a death yak
 15121 | D:11     | Killed a death yak
 15573 | D:11     | Found a roughly hewn altar of Beogh.
 15574 | D:11     | Noticed Sonja
 15578 | D:11     | Killed Sonja
 15579 | D:11     | Reached skill level 11 in Ice Magic
 16012 | Lair:1   | Entered Level 1 of the Lair of Beasts
 16389 | Lair:1   | Reached skill level 10 in Spellcasting
 18568 | Lair:2   | Reached XP level 12. HP: 91/101 MP: 17/31
 18936 | Lair:3   | Found a frozen archway.
 18945 | IceCv    | Entered an ice cave
 19236 | Lair:3   | Noticed a six-headed hydra
 19244 | Lair:3   | Killed a six-headed hydra
 19399 | Lair:3   | Got a warped ring mail
 19400 | Lair:3   | Identified the +5 ring mail "Udir" {Harm rCorr Stlth+} (You
                  | found it on level 3 of the Lair of Beasts)
 19674 | Lair:3   | Reached skill level 12 in Ice Magic
 19771 | Lair:3   | You fall into a shaft and drop 1 floor!
 20068 | Lair:3   | Found a staircase to the Shoals.
 20373 | Lair:3   | Noticed a five-headed hydra
 20383 | Lair:3   | Killed a five-headed hydra
 20971 | Lair:4   | Noticed a four-headed hydra
 20986 | Lair:3   | Killed a four-headed hydra
 21863 | Lair:4   | Found a staircase to the Snake Pit.
 22726 | Lair:5   | Reached XP level 13. HP: 65/111 MP: 2/33
 22902 | Lair:5   | Found the +3 pair of gauntlets of War {Slay+5}
 22927 | Lair:5   | Reached skill level 13 in Ice Magic
 23691 | Lair:6   | Entered Level 6 of the Lair of Beasts
 25042 | Lair:6   | Found a viscous altar of Jiyva.
 25042 | Lair:6   | Found a staircase to the Slime Pits.
 26164 | Lair:6   | Reached skill level 10 in Fighting
 26248 | Lair:6   | Found a burning altar of Makhleb.
 26253 | Lair:6   | Found a gateway to Hell.
 26746 | D:8      | Bought the Reference Book on Virous Ice for 922 gold pieces
 26753 | D:8      | Learned a level 6 spell: Ozocubu's Refrigeration
 27403 | Orc:1    | Entered Level 1 of the Orcish Mines
 27417 | Orc:1    | Reached skill level 14 in Ice Magic
 27701 | Orc:1    | Found Wunus's Gadget Emporium.
 28182 | Orc:2    | Entered Level 2 of the Orcish Mines
 28182 | Orc:2    | Found a staircase to the Elven Halls.
 28427 | Orc:2    | Found Qof Jayscho's Antique Armour Shop.
 28551 | Orc:2    | Found Uceafet's Antique Weapon Shop.
 28551 | Orc:2    | Noticed a stone giant
 28554 | Orc:2    | Killed a stone giant
 28672 | Orc:2    | Reached XP level 14. HP: 121/121 MP: 31/36
 28766 | Orc:2    | Found Lichosiu's Book Shoppe.
 28776 | Orc:2    | Noticed Azrael
 28778 | Orc:2    | Killed Azrael
 28857 | Orc:2    | Found Kush's General Store.
 31348 | D:13     | Found a shimmering altar of Xom.
 31453 | D:13     | Found an ornate altar of the Wu Jian Council.
 31802 | D:13     | Noticed Nessos
 31804 | D:13     | Killed Nessos
 32047 | D:13     | Found a gate to the Vaults.
 32047 | D:13     | Identified the +6 flail of Circularity {vorpal, rF+++ Int-3
                  | Dex-2 Stlth+}
 32646 | D:13     | Reached skill level 15 in Ice Magic
 32912 | D:14     | Identified a scroll of acquirement
 32913 | D:14     | Acquired an uncursed staff of cold
 33245 | D:14     | Identified Sif Muna's Grimoire of Poisoning and Stolen
                  | Souls
 33318 | D:14     | Found a shimmering altar of Xom.
 34039 | D:14     | You fall into a shaft and drop 1 floor!
 34039 | D:15     | Entered Level 15 of the Dungeon
 34816 | D:15     | Got a pitted hunting sling
 34827 | D:15     | Identified the +7 hunting sling "Xilafad" {vorpal, rElec
                  | rPois} (You found it on level 15 of the Dungeon)
 35181 | D:15     | Found a sparkling altar of Nemelex Xobeh.
 35468 | D:15     | Reached XP level 15. HP: 130/130 MP: 28/38
 35531 | D:15     | Found a staircase to the Depths.
 35886 | Snake:1  | Entered Level 1 of the Snake Pit
 36114 | Snake:1  | Found Jellyr's Gadget Shop.
 36792 | Snake:1  | Noticed a nagaraja
 36794 | Snake:1  | Killed a nagaraja
 36794 | Snake:1  | Reached skill level 16 in Ice Magic
 37455 | Snake:2  | Found Ilask's Distillery.
 37455 | Snake:2  | Found Votofaiph's General Store.
 37456 | Snake:2  | Found Qofeq's Antique Armour Emporium.
 37458 | Snake:2  | Found Otuadayss's Jewellery Shoppe.
 37576 | Snake:2  | Reached skill level 15 in Spellcasting
 38477 | Snake:3  | Found a transporter.
 38478 | Snake:3  | Found a transporter.
 38909 | Snake:3  | Found Kammips's Book Shoppe.
 38909 | Snake:3  | Found Peojounu's General Store.
 38933 | Snake:3  | Found Xihuoll's Book Shoppe.
 38996 | Snake:3  | Reached XP level 16. HP: 127/139 MP: 26/40
 39782 | Snake:3  | Reached skill level 17 in Ice Magic
 40175 | Snake:3  | Got a brightly glowing halberd
 40189 | Snake:3  | Identified the Guide on Ashen Black Secrets
 40209 | Snake:3  | Learned a level 6 spell: Iron Shot
 40239 | Snake:4  | Entered Level 4 of the Snake Pit
 40470 | Snake:4  | Reached skill level 1 in Earth Magic
 41777 | Snake:4  | Noticed Vashnia
 41996 | Snake:4  | Killed Vashnia
 42688 | Snake:4  | Reached skill level 5 in Earth Magic
 42692 | Snake:4  | Reached XP level 17. HP: 140/148 MP: 16/42
 43820 | Snake:4  | Got a serpentine rune of Zot
 43976 | Shoals:1 | Entered Level 1 of the Shoals
 44240 | Shoals:1 | Noticed Donald
 44243 | Shoals:1 | Killed Donald
 45269 | Shoals:1 | Noticed Josephine
 45271 | Shoals:1 | Killed Josephine
 45422 | Shoals:2 | Reached skill level 18 in Ice Magic
 45464 | Shoals:2 | Noticed Frances
 45467 | Shoals:2 | Killed Frances
 45534 | Shoals:2 | Found Epeitz's Book Emporium.
 45770 | Shoals:2 | You fall into a shaft and drop 1 floor!
 45869 | Shoals:2 | Found Hulif's Jewellery Boutique.
 46066 | Shoals:2 | Found Foqacedi's General Store.
 46214 | Shoals:2 | Noticed Polyphemus
 46217 | Shoals:2 | Killed Polyphemus
 47034 | Shoals:2 | Found Boimatti's Antique Weapon Shoppe.
 47442 | Shoals:3 | Found Eled's Distillery.
 47746 | Shoals:3 | Found Jyjad's Jewellery Shop.
 47755 | Shoals:3 | Bought the ring of Ufig {AC+4 Int+7 Dex-3} for 565 gold
                  | pieces
 48087 | Shoals:3 | Got a pair of smoking gloves
 48088 | Shoals:3 | Identified the +0 pair of gloves "Ceogisyr" {Stlth+} (You
                  | found it on level 3 of the Shoals)
 48395 | Shoals:3 | Reached XP level 18. HP: 158/158 MP: 44/44
 48502 | Shoals:4 | Entered Level 4 of the Shoals
 49910 | Shoals:4 | Got a translucent great sword
 50524 | Shoals:4 | Got a barnacled rune of Zot
 50729 | Shoals:4 | Identified the cursed +1 great sword "Goblin's Death Toll"
                  | {vorpal, rPois} (You found it on level 4 of the Shoals)
 50911 | Snake:2  | Bought an uncursed ring of protection from magic for 475
                  | gold pieces
 51069 | Vaults:1 | Entered Level 1 of the Vaults
 51166 | Elf:1    | Entered Level 1 of the Elven Halls
 52915 | Elf:2    | Found Neonum's General Store.
 53001 | Elf:2    | Found a runed translucent gate.
 53001 | Elf:2    | Found a runed translucent gate.
 53001 | Elf:2    | Found a runed translucent gate.
 53962 | Elf:2    | Reached skill level 19 in Ice Magic
 54202 | Elf:3    | Entered Level 3 of the Elven Halls
 54453 | Elf:3    | Reached skill level 10 in Earth Magic
 55201 | Elf:3    | Reached XP level 19. HP: 167/167 MP: 19/46
 56017 | Elf:3    | Got a transparent ring mail
 56142 | Elf:3    | Got a clouded silver amulet
 56143 | Elf:3    | Identified the amulet "Kitoigor" {rElec Regen+ Str+3} (You
                  | found it on level 3 of the Elven Halls)
 56222 | Elf:3    | Identified the +7 hand axe of Padghop {vorpal, rC- MR+
                  | Stlth+}
 56754 | Shoals:2 | Bought a scroll of amnesia for 52 gold pieces
 56757 | Shoals:2 | Learned a level 1 spell: Apportation
 57189 | Vaults:1 | Found a runed translucent gate.
 57189 | Vaults:1 | Found a runed translucent gate.
 57189 | Vaults:1 | Found a runed translucent gate.
 59331 | Vaults:1 | Found a runed translucent gate.
 59331 | Vaults:1 | Found a runed translucent gate.
 59335 | Vaults:1 | Found a runed translucent gate.
 59342 | Vaults:1 | Noticed Vileos's ghost (adept DsGl)
 59506 | Vaults:1 | Killed Vileos's ghost
 60568 | Vaults:1 | Got an opalescent robe
 60771 | Vaults:1 | Identified the cursed +1 robe of Supple Strength {rF+ rCorr
                  | Dex-5} (You found it on level 1 of the Vaults)
 60987 | Vaults:2 | Found a flickering gateway to a bazaar.
 60996 | Bazaar   | Entered a bazaar
 61094 | Bazaar   | Found Saiceunn's General Store.
 61232 | Bazaar   | Bought a potion of magic for 80 gold pieces
 61601 | Vaults:2 | Reached XP level 20. HP: 176/176 MP: 25/48
 62462 | Vaults:2 | Reached skill level 20 in Ice Magic
 63545 | Vaults:3 | Found Deebeyh's Antique Weapon Emporium.
 63713 | Vaults:3 | Reached skill level 15 in Fighting
 63860 | Vaults:3 | Found Jiluutop's Jewellery Boutique.
 63930 | Vaults:3 | Found Castylia's Weapon Shoppe.
 64033 | Vaults:3 | Found a staircase to the Crypt.
 64033 | Vaults:3 | Found an ancient bone altar of Kikubaaqudgha.
 64034 | Vaults:3 | Found a basalt altar of Yredelemnul.
 65044 | Vaults:3 | Identified the +8 great sword "Waptut" {flame, SInv}
 65489 | Vaults:4 | Found Laoned's Armour Shop.
 65531 | Vaults:4 | Bought the +1 buckler of Foolhardiness {rF+ MP+9} for 636
                  | gold pieces
 67208 | Vaults:5 | Entered Level 5 of the Vaults
 67210 | Vaults:5 | Reached XP level 21. HP: 184/184 MP: 50/50
 68019 | Depths:1 | Entered Level 1 of the Depths
 68022 | Depths:1 | Found Idioruff's Antique Weapon Emporium.
 69058 | Depths:1 | Noticed a juggernaut
 69327 | Depths:1 | Killed a juggernaut
 69452 | Depths:1 | Found a corrupted altar of Lugonu.
 69452 | Depths:1 | Found a one-way gate to the infinite horrors of the Abyss.
 69504 | Depths:1 | Reached skill level 21 in Ice Magic
 69953 | Depths:1 | Got an ichor-stained buckler
 69954 | Depths:1 | Identified the +0 buckler of the Orange Skies {Harm rElec
                  | Int+2 Stlth+} (You found it on level 1 of the Depths)
 70005 | Depths:1 | Identified the Catalogue of Attacks and Translocation
 70757 | Depths:2 | Identified the +7 mace "Ezoe" {vorpal, rElec MR+}
 71155 | Depths:2 | Noticed Nikola
 71159 | Depths:2 | Killed Nikola
 71680 | Depths:2 | Identified Erphou Ycid's Catalogue of the Supportive Birds
 71737 | Depths:2 | Got a smoking scale mail
 71791 | Depths:2 | Identified the ring of the Twisting Messenger {rElec rPois
                  | Slay+4}
 71999 | Depths:2 | Reached XP level 22. HP: 194/194 MP: 52/52
 72282 | Depths:3 | Found Kevvumoth's Antique Armour Shop.
 72602 | Depths:3 | Reached skill level 15 in Earth Magic
 73798 | Depths:3 | Found a one-way gate leading to the halls of Pandemonium.
 74406 | Depths:3 | Identified the +3 leather armour of the Evening {rN+ SInv}
 75941 | Depths:4 | Identified the Volume of Glacial Transformation
 76394 | Depths:4 | Found the +9 staff of Olgreb {rPois∞}
 76394 | Depths:4 | Noticed a caustic shrike
 76396 | Depths:4 | Slain by a titan

Illustrated notes

Levels and vault maps discovered:
D:1:      minmay_arrival_floating_metal, layout_rooms
D:2:      layout_basic, serial_bayou_ford_a, uniq_jessica
D:3:      layout_basic
D:4:      layout_basic, minmay_temple_entry_statues_fountains
D:5:      layout_basic, serial_shops, shop_statue, uniq_duvessa
D:6:      kennysheep_kobold_camp, layout_rooms, serial_glass, glass_columns_c,
          glass_columns_b
D:7:      layout_loops_ring
D:8:      layout_basic, nicolae_overflow_hidden_temple, serial_shops,
          nicolae_shop_statue_plus, shop, kennysheep_mini, nicolae_shop_trees,
          special_room [special_room_orc], chequers_guarded_unrand_ignorance,
          uniq_pikel
D:9:      layout_basic, serial_bayou_pond_b
D:10:     layout_rooms, uniq_nergalle
D:11:     layout_roguey, dpeg_lair_monsters, minmay_orc_entry_temple_large,
          st_stairs_4, uniq_sonja, uniq_harold
D:12:     layout_layer_cave
D:13:     layout_loops_corners, david_vaults_3, basic_altar, xom_confusion_cloud
D:14:     layout_loops_corners, basic_altar
D:15:     hangedman_depths_entry_try_elsewhere_first, layout_small_grid,
          nemelex_xobeh_ov_fountains_minmay, uniq_nessos
Temple:   nicolae_temple_the_god_donut
Lair:1:   layout_small_grid, grunt_megastairs_5
Lair:2:   layout_loops_ring, special_room [special_room_bee],
          beast_lair_carwin_6, infiniplex_staircase_pool_2, grunt_megastairs_1
Lair:3:   layout_cave_pods, elwin_shoals_entry_stream,
          portal_ice_cave_entry_pillars_1, serial_bayou_shore_b,
          minmay_lair_oklob_chamber, serial_bayou_shore_b
Lair:4:   layout_loops_ring, guppyfry_snake_entry_island, lemuel_fruit_fields
Lair:5:   layout_regular_city, grunt_megastairs_3
Lair:6:   evil_forest, layout_cave_pods, slime_altar_1,
          chequers_serial_rivers_micro_b
Shoals:1: layout_shoals, uniq_donald, uniq_josephine
Shoals:2: layout_shoals, serial_shops, nicolae_shop_crystal, shop,
          nicolae_shop_window_shopping, nicolae_shop_behind_doors,
          yaktaur_hedge, uniq_polyphemus, uniq_frances
Shoals:3: layout_shoals, serial_shops, nicolae_shop_behind_doors,
          minmay_shop_enchanted_jewellery
Shoals:4: shoals_end_grunt_garden, layout_shoals, nicolae_shoals_loop_pool
Snake:1:  layout_rooms, serial_shops, nicolae_shop_window_shopping,
          hangedman_snake_sidewinding
Snake:2:  layout_onion_interference, grunt_ministairs_7, drop_trap,
          minmay_shoptagon
Snake:3:  gammafunk_the_bubble [the_bubble_gammafunk_crates], layout_cave_town,
          drop_trap, grunt_ministairs_4, minmay_shop_star, lemuel_fruit_tree
Snake:4:  johnstein_snake_rune_scales, layout_basic,
          nrook_guardian_serpent_ordinary, serial_bayou_shore_b
Orc:1:    layout_caves, serial_shops, shop
Orc:2:    grunt_orc_gardens, layout_caves, grunt_orc_garden, grunt_orc_garden,
          grunt_orc_garden, grunt_orc_garden, uniq_azrael
Elf:1:    elf_arrival_002, layout_geoelf_diagonals, minmay_elf_crystal_hexagon
Elf:2:    layout_loops_ring, serial_shops, shop, lemuel_elevator
Elf:3:    elf_hall, layout_gridlike, minivault_16, grunt_megastairs_2
Vaults:1: ploomutoo_gammafunk_vaults_ghost_potion_laboratory,
          hangedman_vaults_river_flow, dpeg_vaults_monster_row, v_misc_16,
          vaults_room_boxed, ontoclasm_vaults_pinch, nicolae_vaults_rhombus_5,
          vaults_room_hangedman_quadrants, vaults_room_pool,
          nicolae_vaults_alarming, vaults_dpeg_hooks, v_misc_10, v_misc_11,
          nicolae_vaults_little_squares_6, nicolae_vaults_little_ls,
          vaults_room_pools, layout_vaults_big_cross,
          portal_desolation_entry_garden
Vaults:2: st_cross, vaults_room_pool, hangedman_vaults_impose, v_alt_pattern_3,
          nicolae_vaults_three_branches, nicolae_vaults_angled_halls,
          nicolae_vaults_border_crossing, vaults_dpeg_encased_lava,
          layout_vaults_quadrants, serial_shops, bzr_firewalk
Vaults:3: vaults_mumra_chevron, vaults_standard_mumra_x, v_misc_19,
          vaults_mumra_hex, minmay_crypt_entry_necro_gods,
          nicolae_vaults_mini_display_case, v_alt_pattern_6,
          nicolae_vaults_puzzle_piece, v_rooms_3, v_misc_17, v_misc_16,
          v_misc_23, vaults_dpeg_ring, layout_vaults_maze_snakey, serial_shops,
          nicolae_shop_trees, shop, shop
Vaults:4: grunt_vaults_trifunnel, nicolae_vaults_little_squares_4, st_star,
          ontoclasm_vaults_spin, ontoclasm_vaults_fault, vaults_room_hallway,
          ontoclasm_vaults_ring_large, nicolae_vaults_sealed_display,
          nicolae_vaults_network_periphery, vaults_room_pool,
          layout_vaults_big_room, serial_shops, nicolae_shop_statue_plus
Vaults:5
Depths:1: layout_basic, serial_shops, nicolae_shop_overgrown_old_shop,
          abyss_entry_flame_altar, hell_entry, minmay_misc_feat_tiny,
          nrook_mini_backslash, minmay_swirly_circle, serial_bayou_shore_a,
          firewood_loft
Depths:2: minmay_the_grid_3x3 [minmay_the_grid_outer_circle,
          minmay_the_grid_plusring, minmay_the_grid_zigzag_pyramid,
          minmay_the_grid_minigrid_large, minmay_the_grid_minigrid_small_alt,
          minmay_the_grid_large_cup, minmay_the_grid_dragon_a,
          minmay_the_grid_airy, minmay_the_grid_prize_trominoes],
          layout_cave_pools, serial_sigils_hangedman_scar, hell_entry,
          hangedman_decor_slide_cut, statue_in_the_mist_lemuel,
          infiniplex_staircase_spiral, uniq_nikola
Depths:3: minmay_big_diamond_grid, layout_cave_pools, rand_demon_pan_entry_9,
          skrybe_limestone_x, hell_entry, serial_shops, nicolae_shop_crystal,
          st_stairs_7
Depths:4: hangedman_pleasuredromes, pan_entry, abyss_entry, hell_entry,
          serial_shops

Skill      XL: |  1  2  3  4  5  6  7  8  9 10 11 12 13 14 15 16 17 18 19 20 21 22 |
---------------+-------------------------------------------------------------------+-----
Spellcasting   | 2 3 4 6 7 8 10 11 13 14 15 16 17 18 19 20 | 20.3
Ice Magic      | 4 5 6 7 8 10 11 12 14 15 16 17 18 19 20 21 | 21.8
Fighting       | 1 2 3 4 5 6 7 9 10 11 12 13 14 15 16 | 16.3
Conjurations   | 2 3 |  3.0
Summonings     | 1 3 |  3.0
Shields        | 3 4 |  4.0
Earth Magic    | 5 8 10 12 13 14 15 | 15.8
Dodging        | |  1.7
Stealth        | |  1.7

Action                   |  1- 3 |  4- 6 |  7- 9 | 10-12 | 13-15 | 16-18 | 19-21 | 22-24 || total
-------------------------+-------+-------+-------+-------+-------+-------+-------+-------++-------
Melee: Unarmed           |     4 |       |       |       |       |       |       |       ||     4
       Dagger            |    22 |    56 |    61 |    34 |       |       |       |       ||   173
       Short sword       |       |       |    54 |       |       |       |       |       ||    54
       Staff             |       |       |       |     6 |     6 |     1 |     1 |       ||    14
 Cast: Freeze            |    32 |    59 |    59 |    94 |    14 |       |       |       ||   258
       Frozen Ramparts   |     2 |    28 |    59 |    71 |    18 |     1 |       |       ||   179
       Summon Ice Beast  |       |     1 |    35 |   118 |    63 |    11 |     7 |     3 ||   238
       Hailstorm         |       |       |    16 |   172 |    77 |     7 |       |       ||   272
       Ozocubu's Refrige |       |       |       |       |   295 |   556 |   383 |   162 ||  1396
       Iron Shot         |       |       |       |       |       |       |   100 |    51 ||   151
Evoke: Wand              |       |       |       |     2 |     3 |     1 |     2 |     1 ||     9
  Use: Scroll            |       |    11 |    11 |    11 |     6 |     6 |    16 |     1 ||    62
       Potion            |       |       |       |       |     1 |       |       |       ||     1
 Stab: Sleeping          |     3 |     4 |       |       |       |       |       |       ||     7
       Distracted        |       |     1 |     1 |     1 |       |       |       |       ||     3
       Petrified         |       |       |       |       |     5 |       |       |       ||     5
Armor: Robe              |     7 |    14 |       |    19 |    30 |    43 |    20 |     7 ||   140
       Leather armour    |       |       |    62 |     1 |       |       |       |       ||    63
       Ring mail         |       |       |       |    27 |       |       |       |       ||    27
Dodge: Dodged            |    23 |    58 |   114 |    89 |    54 |    26 |    41 |    14 ||   419
Block: Buckler           |       |       |    13 |    58 |    20 |    22 |    29 |     6 ||   148

Table legend: (Time is in decaauts)
 A = Elapsed time spent in this place.
 B = Non-inter-level travel time spent in this place.
 C = Inter-level travel time spent in this place.
 D = Time resting spent in this place.
 E = Time spent auto-exploring this place.
 F = Levels seen in this place.
 G = Mean time per level.
                   A        B        C        D        E       F      G
               +--------+--------+--------+--------+--------+-----+--------+
         Total |  76835 |  72779 |   4056 |   5665 |  58634 |  46 | 1670.3 |
       Dungeon |  23683 |  22192 |   1491 |   1539 |  17769 |  15 | 1578.9 |
        Temple |      1 |      1 |      0 |      0 |      0 |   1 |    1.0 |
          Lair |  11084 |  10401 |    683 |    191 |   8935 |   6 | 1847.3 |
        Shoals |   7201 |   6962 |    239 |    888 |   5394 |   4 | 1800.2 |
     Snake Pit |   8089 |   7820 |    269 |   1242 |   5840 |   4 | 2022.2 |
  Orcish Mines |   1958 |   1888 |     70 |      0 |   1706 |   2 |  979.0 |
   Elven Halls |   5450 |   5146 |    304 |    320 |   4151 |   3 | 1816.7 |
        Vaults |  10812 |  10147 |    665 |    397 |   8837 |   5 | 2162.4 |
        Depths |   8241 |   7908 |    333 |   1088 |   5830 |   4 | 2060.2 |
        Bazaar |    300 |    300 |      0 |      0 |    172 |   1 |  300.0 |
      Ice Cave |     10 |     10 |      0 |      0 |      0 |   1 |   10.0 |
               +--------+--------+--------+--------+--------+-----+--------+

Top non-repeatable levels by time:
Vaults:1: 4031 daAuts
 Snake:3: 3157 daAuts
Depths:2: 3002 daAuts
  Lair:6: 2732 daAuts
 Snake:4: 2497 daAuts
Shoals:3: 2401 daAuts
Vaults:4: 2340 daAuts
    D:11: 2327 daAuts
Depths:3: 2282 daAuts
Vaults:2: 2264 daAuts
  Lair:3: 2227 daAuts
   Elf:3: 2204 daAuts
Vaults:3: 2157 daAuts
Depths:1: 2152 daAuts
  Lair:2: 1857 daAuts
